 Dungeon Crawl Stone Soup version 0.30-a0-862-g1aabd4f9c5 (webtiles) character file.

Game seed: 7046444518882430556

126 qeuew the Shooter (level 5, -1/40 HPs)
             Began as a Formicid Hunter on Mar 8, 2023.
             Was an Initiate of Fedhas.
             Succumbed to a water moccasin's poison
             ... in a sewer.
             The game lasted 00:02:34 (1786 turns).

qeuew the Shooter (Formicid Hunter)                 Turns: 1786, Time: 00:02:35

Health: -1/40      AC:  7    Str: 14 (15) XL:     5   Next: 31%
Magic:  5/5        EV: 12    Int:  6 (9)  God:    Fedhas [......]
Gold:   154        SH:  0    Dex: 17 (19) Spells: 4/4 levels left

rFire   . . .      SeeInvis +    a - +0 shortbow
rCold   . . .      Faith    .    (no shield)
rNeg    . . .      Spirit   .    c - +1 leather armour
rPois   .          Reflect  .    (helmet unavailable)
rElec   .          Rampage  .    (no cloak)
rCorr   .                        (no gloves)
Will    .....                    m - +2 pair of boots
Stlth   ++                       (no amulet)
HPRegen 0.26/turn                (no ring)
MPRegen 0.09/turn                (no ring)

@: lethally poisoned (-1 -> -32), invisible
A: permanent stasis, dig shafts and tunnels, antennae 3, four strong arms
a: Dig, Renounce Religion


You were in a sewer.
You worshipped Fedhas.
Fedhas was noncommittal.
You visited 1 branch of the dungeon, and saw 3 of its levels.
You also visited: Sewer.

You collected 154 gold pieces.

Inventory:

Hand Weapons
 a - a +0 shortbow (weapon)
Armour
 c - a +1 leather armour (worn)
 m - a +2 pair of boots (worn)
Scrolls
 b - 3 scrolls of immolation
 e - a scroll of brand weapon {unknown}
 h - a scroll of fog
Potions
 g - a potion of brilliance


   Skills:
 + Level 2.9 Fighting
 * Level 4.8 Ranged Weapons
 + Level 2.0 Armour
 + Level 2.3 Dodging
 + Level 2.5 Stealth
 + Level 0.6 Invocations


You had 4 spell levels left.
You didn't know any spells.
Your spell library contained the following spells:

 Spells                   Type           Power      Damage    Failure   Level
 Freeze                   Ice            0%         1d3       52%         1
 Frozen Ramparts          Ice            0%         1d1       88%         3
 Hailstorm                Conj/Ice       0%         3d3       88%         3


Dungeon Overview and Level Annotations

Branches:
Dungeon (3/15)              Sewer (1/1)

Altars:
Fedhas


Innate Abilities, Weirdness & Mutations

You cannot be hasted, slowed, berserked, paralysed or teleported.
You can dig through walls and to a lower floor.
You have a pair of large antennae on your head. (SInv)
Your four strong arms can wield two-handed weapons with a shield.


Message History

The arrow closely misses the water moccasin.
You feel sick. The water moccasin closely misses you.
The water moccasin bites you.
You shoot an arrow.
The arrow closely misses the water moccasin.
You feel sick. The water moccasin misses you. x2
You shoot an arrow. The arrow hits the water moccasin.
The water moccasin is severely wounded.
You feel sick.
The water moccasin bites you but does no damage.
The water moccasin barely misses you.
You shoot an arrow. The arrow misses the water moccasin.
You feel sick. The water moccasin closely misses you.
You shoot an arrow.
The arrow completely misses the water moccasin.
You feel sick.
You are no longer poisoned.
The water moccasin closely misses you. The water moccasin bites you.
You shoot an arrow. The arrow misses the water moccasin.
The water moccasin closely misses you. The water moccasin bites you.
You are poisoned.
The water moccasin poisons you!
You are too injured to fight recklessly!
You are too injured to fight recklessly!
You are too injured to fight recklessly!
You are too injured to fight recklessly!
You are too injured to fight recklessly!
Fire: a) +0 shortbow
Press: ? - help, Q - select action, (/) - cycle Shift-Dir - straight line, f/p - water moccasin
Aim: a water moccasin (severely wounded, 46% to hit)
You shoot an arrow. The arrow misses the water moccasin.
You feel very sick.
The water moccasin bites you but does no damage.
The water moccasin bites you!
* * * LOW HITPOINT WARNING * * *
You are more poisoned.
The water moccasin poisons you!
You fade into invisibility!
You die...
Fedhas appreciates your contribution to the ecosystem.

)?#. ~#.#
#~~.
##...##
#~~..~#
..~.##
#.S.#
#@.##
#...#
##.~# #.
#..# #..
#~.# #~.#
##..# #.~.
#...#
#~~###~.##
#.~~#...#


You could see a water moccasin (unable to see you).

Vanquished Creatures
  An orc priest (D:3)
  An adder (D:2)
  A river rat (D:3)
  2 worms (D:2)
  A dart slug (D:1)
  4 orcs
  8 ball pythons
  3 endoplasms
  A giant cockroach (D:3)
  7 goblins
  5 hobgoblins
  5 jackals
  A kobold (D:1)
  4 quokkas
  8 bats
  5 frilled lizards
  7 rats
64 creatures vanquished.

Notes
Turn   | Place    | Note
-------+----------+-------------------------------------------
     0 | D:1      | qeuew the Formicid Hunter began the quest for the Orb.
     0 | D:1      | Reached XP level 1. HP: 16/16 MP: 1/1
   221 | D:1      | Reached XP level 2. HP: 22/22 MP: 2/2
   343 | D:1      | Reached skill level 1 in Armour
   409 | D:1      | Reached XP level 3. HP: 28/28 MP: 3/3
  1099 | D:2      | Reached XP level 4. HP: 34/34 MP: 4/4
  1260 | D:2      | Found a blossoming altar of Fedhas.
  1537 | D:2      | Became a worshipper of Fedhas Madash
  1686 | D:3      | Reached XP level 5. HP: 40/40 MP: 5/5
  1728 | D:3      | Found a glowing drain.
  1743 | Sewer    | Entered a sewer
  1773 | Sewer    | Noticed a water moccasin
  1786 | Sewer    | Succumbed to a water moccasin's poison

Illustrated notes

Levels and vault maps discovered:
D:1:      dpeg_arrival_subterranean_lakeside_camping, layout_basic
D:2:      layout_basic, basic_altar
D:3:      layout_basic, trog_butcher_becter,
          mainiacjoe_overflow_concentric_impassable, portal_sewer_entry_a,
          shapermc_ecumenical_altar_acropolis, moated_statue, uniq_ijyb
Sewer:    sewer_the_moccasin

Skill      XL: |  1  2  3  4  5 |
---------------+----------------+-----
Dodging        | 2 |  2.3
Armour         | 1 2 |  2.0
Stealth        | 2 |  2.5
Fighting       | |  2.9
Ranged Weapons | |  4.8
Invocations    | |  0.6

Action                     |  1- 3 |  4- 6 || total
---------------------------+-------+-------++-------
   Fire: Shortbow          |    80 |    94 ||   174
Ability: Dig               |     5 |       ||     5
    Use: Scroll            |       |     8 ||     8
         Potion            |       |     6 ||     6
 Armour: Leather armour    |     8 |    17 ||    25
  Dodge: Dodged            |    17 |    32 ||    49

Table legend: (Time is in decaauts)
 A = Elapsed time spent in this place.
 B = Non-inter-level travel time spent in this place.
 C = Inter-level travel time spent in this place.
 D = Time resting spent in this place.
 E = Time spent auto-exploring this place.
 F = Levels seen in this place.
 G = Mean time per level.
                   A        B        C        D        E       F      G
               +--------+--------+--------+--------+--------+-----+--------+
         Total |   1845 |   1726 |    119 |      0 |   1359 |   4 |  461.2 |
       Dungeon |   1795 |   1676 |    119 |      0 |   1333 |   3 |  598.3 |
         Sewer |     49 |     49 |      0 |      0 |     25 |   1 |   49.0 |
               +--------+--------+--------+--------+--------+-----+--------+

Top non-repeatable levels by time:
     D:1: 994 daAuts
     D:2: 651 daAuts
     D:3: 149 daAuts
   Sewer: 49 daAuts
